[Event "*** Titled Tuesday 3|2 Blitz"]
[Site "Chess.com"]
[Date "2015.02.24"]
[Round "3"]
[White "Argente"]
[Black "HansCoolNiemann"]
[Result "1/2-1/2"]
[WhiteElo "2191"]
[BlackElo "1844"]
[TimeControl "180+2"]
[EndTime "11:36:33 PST"]
[Termination "Game drawn by repetition"]

1. d4 Nf6 2. Nf3 g6 3. Nbd2 Bg7 4. e4 d6 5. c3 O-O 6. Bd3 e5 7. O-O Nc6 8. h3 Re8 9. Re1 d5 10. Nxe5 Nxe5 11. dxe5 Rxe5 12. Nf3 Re8 13. e5 Nd7 14.
Bg5 f6 15. Bh4 g5 16. exf6 Rxe1+ 17. Qxe1 Bxf6 18. Bg3 Nc5 19. Bc2 g4 20. hxg4 Bxg4 21. Ne5 Be6 22. Qe3 Qe7 23. Re1 Re8 24. Nf3 c6 25. Qf4 Qg7 26. Qd6 Be7 27. Qc7 Bf6 28. Qd6 Qe7 29. Nd4 Kh8 30. Nf5 Qxd6 31. Nxd6 Re7 32. Kf1 h5 33. Nf5 Bxf5 34. Bxf5 Rxe1+ 35. Kxe1 Na4 36. Bc8 b6 37. Bd7 Nxb2 38. Bxc6 Bxc3+ 39. Ke2 d4 40. Be4 Kg7 41. Bb8 a5 42. g3 b5 43.
Bc7 a4 44. f4 b4 45. Be5+ Kf7 46. f5 d3+ 47. Bxd3 Bxe5 48. Be4 b3 49. axb3 axb3 50. Bd5+ Kf6 51. Bxb3 Kxf5 52. Kf3 Nd3 53. Bc2 Kg5 54.
Bxd3 Bd6 55. Kg2 Kg4 56. Be2+ Kg5 57. Bxh5 Kxh5 58. g4+ Kg5 59. Kf2 Be5 60. Ke2 Bf6 61. Kd3 Ba1 62. Kc4 Bh8 63. Kd3 Be5 64. Kc4 Bg3 65.
Kd3 Bh4 66. Kc4 Bf2 67. Kd3 Ba7 68. Kc4 Kf6 69. Kd3 Kg6 70. Ke4 Bb8 71. Kf3 Bd6 72. Ke4 Kg5 73. Kd5 Bf4 74. Ke4 Bg3 75. Kf3 Bh4 76. Ke4 Bf2 77. Kd5 Ba7 78. Ke4 Bb8 79. Kf3 Bh2 80. Ke4 Bb8 81. Kd5 Bh2 82. Ke4 Bg1 83. Kd3 Ba7 84. Ke4 Bb8 85. Kd5 Bf4 86.
Ke4 Bc1 87. Kf3 Bb2 88. Ke4 Bh8 89. Kd3 Ba1 90. Ke4 Bh8 91. Kd5 Ba1 92. Ke4 Bh8 93. Kd3 Bb2 94. Ke4 Bg7 95. Kd5 Ba1 96. Ke4 Bg7 97.
Kd3 Bh8 98. Kc4 Bf6 99. Kd5 Bg7 100. Ke4 Bh8 1/2-1/2

[Event "*** Titled Tuesday 3|2 Blitz"]
[Site "Chess.com"]
[Date "2015.02.24"]
[Round "3"]
[White "AnthonyWirig"]
[Black "GulamaliRises"]
[Result "1-0"]
[WhiteElo "2550"]
[BlackElo "2324"]
[TimeControl "180+2"]
[EndTime "11:37:04 PST"]
[Termination "AnthonyWirig won by resignation"]

1. e4 c5 2. Nf3 e6 3. g3 Nc6 4.
Bg2 Nf6 5. Qe2 d5 6. exd5 Nxd5 7. O-O Be7 8. Rd1 Qb6 9. Na3 Bf6 10. Nc4 Qc7 11.
d4 cxd4 12. c3 b5 13. Na3 a6 14. cxd4 O-O 15. Bg5 Bb7 16. Rac1 Qb6 17. Bxf6 Nxf6 18. Nc2 Rfd8 19. h4 Rd6 20. Rd2 Rad8 21. Rcd1 Ne7 22. Ne5 Bxg2 23. Kxg2 Nf5 24. Nf3 Qb7 25. Kg1 h5 26.
Ng5 Qb6 27. Nf3 Ng4 28. Kg2 Qb7 29. Kg1 Qd7 30. Kg2 Qb7 31. Kg1 Nf6 32. Kg2 b4 33. Rd3 a5 34. Kg1 a4 35. Ne3 Qe4 36. Ng5 Qb7 37. Nxf5 exf5 38. Qf3 Qxf3 39. Nxf3 Rc8 40. R3d2 Ne4 41. Re2 f6 42. Kg2 Kf7 43. d5 Rcd8 44. Rd4 Rb8 45. Rc2 Rb7 46. Rcc4 b3 47. a3 g5 48.
Rxa4 g4 49. Nd2 Nc5 50. Rac4 Nd7 51. Rc3 Rb5 52. Rxb3 Rbxd5 53. Rxd5 Rxd5 54. Nc4 f4 55. gxf4 Nc5 56. Rb5 Ne6 57. Rxd5 Nxf4+ 58. Kg3 Nxd5 59. Ne3 Nb6 60. Ng2 Nc4 61. Nf4 Nxb2 62.
Nxh5 f5 63. Nf4 Na4 64. Nd5 Ke6 65. Ne3 Ke5 66. Nxg4+ fxg4 67. Kxg4 Kf6 68. h5 Kg7 69. Kg5 Kh7 70. f4 Nc5 71. f5 Ne4+ 72. Kf4 Nf6 73. Ke5 Nd7+ 74. Kd6 Nb6 75. Ke6 Na4 76. f6 Nc5+ 77.
Ke7 1-0

[Event "*** Titled Tuesday 3|2 Blitz"]
[Site "Chess.com"]
[Date "2015.02.24"]
[Round "3"]
[White "LuckyTiger"]
[Black "gmjlh"]
[Result "0-1"]
[WhiteElo "2498"]
[BlackElo "2500"]
[TimeControl "180+2"]
[EndTime "11:37:54 PST"]
[Termination "gmjlh won by resignation"]

1. e4 e5 2. Nf3 Nc6 3. Bb5 Nf6 4.
O-O Nxe4 5. d4 Nd6 6. Bxc6 dxc6 7. dxe5 Nf5 8. Qxd8+ Kxd8 9. c4 Ke8 10. Nc3 Be6 11. b3 Rd8 12. Bb2 Bc5 13. Ne4 Bd4 14. Nxd4 Nxd4 15. Rfd1 Ne2+ 16. Kf1 Nf4 17. Rxd8+ Kxd8 18. Rd1+ Kc8 19. g3 Bh3+ 20. Ke1 Ne6 21. Ke2 h5 22.
Ke3 h4 23. Ba3 hxg3 24. hxg3 Bf5 25. Nc5 Nxc5 26. Bxc5 b6 27. Ba3 c5 28. Bb2 g5 29.
Bc3 a5 30. Kf3 Be6 31. Bd2 Rd8 32. Ke2 a4 33. f3 g4 34. f4 Rh8 35. Be3 Rh2+ 36.
Bf2 a3 37. Ke3 Bf5 38. Rc1 Rh8 39. Rd1 Kb7 40. Ke2 Be4 41. Ke3 Bf5 42. Ke2 Kc6 43.
Ke3 Re8 44. Be1 Rh8 45. Bf2 Rh6 46. Rd8 Kb7 47. Rd1 Rh8 48. Ke2 Kc8 49. Ke3 Bc2 50. Rc1 Bf5 51. Rd1 Re8 52. Be1 Rh8 53. Bf2 Rd8 54.
Rxd8+ Kxd8 55. Kd2 Kd7 56. Kc3 Ke6 57. b4 cxb4+ 58.
Kxb4 Bd3 59. c5 b5 60. Kxa3 Kd5 61. Kb4 c6 62. Kc3 Bc4 63. Be1 Bxa2 64. Bf2 Bb1 65. Be3 Ke4 66. Bf2 Kf3 67. Be1 Ke2 68. Bd2 Kf2 69. Kd4 Kxg3 70. Ke3 Kg2 71. Be1 Bf5 72. Bh4 Kh3 73. Be1 g3 74. Kf3 Bg4+ 75. Ke3 g2 76.
Bf2 b4 77. f5 Bxf5 0-1

[Event "*** Titled Tuesday 3|2 Blitz"]
[Site "Chess.com"]
[Date "2015.02.24"]
[Round "3"]
[White "Imre91"]
[Black "tigrangharamian"]
[Result "0-1"]
[WhiteElo "2561"]
[BlackElo "2505"]
[TimeControl "180+2"]
[EndTime "11:38:22 PST"]
[Termination "tigrangharamian won by resignation"]

1. d4 Nf6 2. Nf3 e6 3. g3 d5 4. Bg2 Be7 5. O-O O-O 6. c4 dxc4 7. Qc2 a6 8. a4 Bd7 9. Qxc4 Bc6 10. Bf4 Bd6 11.
Bg5 Bd5 12. Qd3 h6 13. Bxf6 Qxf6 14. e4 Qg6 15. Nc3 Bc6 16. Qe2 Bd7 17. Rfd1 Nc6 18. Rac1 Nb4 19. Nd2 Be7 20. Nc4 Rfd8 21. Ne5 Qh7 22.
Qc4 Rac8 23. Nxd7 Rxd7 24. d5 exd5 25. exd5 Qf5 26. d6 Rxd6 27. Rxd6 Bxd6 28. Bxb7 Re8 29. Rd1 a5 30. Be4 Qc5 31. Qxc5 Bxc5 32. Kg2 g6 33. h4 Kg7 34. h5 gxh5 35. Bf3 h4 36. gxh4 Re6 37.
Ne4 Bb6 38. Ng3 Rg6 39. Rd7 Kf8 40. Bh5 Rf6 41. Ne4 Rf5 42. Bf3 Nc2 43. Bd1 Nd4 44.
Ng3 Rf4 45. Rd5 Ke8 46. f3 Rxh4 47. Re5+ Kd8 48. Rd5+ Kc8 49. b4 axb4 50. a5 Ba7 51. Ne4 Ne6 52. Kg3 Rh1 53. Ba4 Rg1+ 54. Kh2 Rc1 55. Bd7+ Kb7 56. Ba4 Nc5 57. Nxc5+ Bxc5 58. Bb5 Bd6+ 59. Kg2 b3 60. Bd3 Kc6 61. Be4 Kd7 62. Rb5 Ra1 63. Bf5+ Ke7 64. Rxb3 Ra2+ 65. Kh3 Rxa5 66.
Be4 Rh5+ 67. Kg4 Rg5+ 68. Kh4 Rc5 69. Rd3 Kf6 70. Rd1 Ke7 71. Kg4 Rg5+ 72. Kh4 Re5 73.
Rb1 f5 74. Bc6 Re2 75. Rh1 Kf6 76. Bd7 c5 77. Kh3 c4 78. Bb5 Rc2 79. Ba4 Rd2 80. f4 Bxf4 0-1

[Event "*** Titled Tuesday 3|2 Blitz"]
[Site "Chess.com"]
[Date "2015.02.24"]
[Round "4"]
[White "BjarkeSahl"]
[Black "facu57"]
[Result "1-0"]
[WhiteElo "2133"]
[BlackElo "2055"]
[TimeControl "180+2"]
[EndTime "11:41:08 PST"]
[Termination "BjarkeSahl won by checkmate"]

1. e4 c6 2. d4 d5 3. e5 Bf5 4.
Nc3 e6 5. g4 Bg6 6. Nge2 h6 7.
Nf4 Bh7 8. Bd3 Bxd3 9. Nxd3 Nd7 10. Ne2 c5 11. c3 c4 12. Ndf4 Be7 13. Nh5 Bf8 14. f4 f6 15. f5 fxe5 16. fxe6 Qh4+ 17. Neg3 Ndf6 18. dxe5 Nxh5 19. Qa4+ Ke7 20. Qd7# 1-0

[Event "*** Titled Tuesday 3|2 Blitz"]
[Site "Chess.com"]
[Date "2015.02.24"]
[Round "4"]
[White "lukas_111111"]
[Black "Kacparov"]
[Result "0-1"]
[WhiteElo "2129"]
[BlackElo "2430"]
[TimeControl "180+2"]
[EndTime "11:43:04 PST"]
[Termination "Kacparov won by resignation"]

1. e4 c5 2. Nf3 e6 3. d4 cxd4 4.
Nxd4 a6 5. c4 Nf6 6. Nc3 Qc7 7.
Be2 b6 8. Be3 Bb7 9. f3 d6 10. O-O Nbd7 11. Qd2 Be7 12. Rfc1 O-O 13. a4 Rfc8 14. a5 bxa5 15. Nb3 Rab8 16. Nxa5 Ba8 17.
Na4 Nc5 18. Nxc5 dxc5 19. Bf4 Rxb2 20. Qxb2 Qxf4 21. Bf1 Bd6 22. h3 Be5 23. Qb6 Bd4+ 24. Kh1 Nh5 0-1

[Event "*** Titled Tuesday 3|2 Blitz"]
[Site "Chess.com"]
[Date "2015.02.24"]
[Round "4"]
[White "Zlatan56"]
[Black "GeorgMeier"]
[Result "0-1"]
[WhiteElo "2478"]
[BlackElo "2664"]
[TimeControl "180+2"]
[EndTime "11:43:09 PST"]
[Termination "GeorgMeier won by resignation"]

1. e4 e6 2. d4 d5 3. Nd2 dxe4 4. Nxe4 Nd7 5. Nf3 Ngf6 6. Bd3 c5 7. O-O Nxe4 8. Bxe4 Nf6 9. Bg5 cxd4 10. Nxd4 Be7 11. Bf3 O-O 12. Nb3 Qc7 13. Qd2 Rd8 14. Qf4 Qxc2 15.
Rab1 Qf5 16. Qxf5 exf5 17. Na5 h6 18. Rfe1 Bb4 19. Bxf6 gxf6 0-1

[Event "*** Titled Tuesday 3|2 Blitz"]
[Site "Chess.com"]
[Date "2015.02.24"]
[Round "4"]
[White "GedoGluperd"]
[Black "FabianEnglert"]
[Result "1-0"]
[WhiteElo "2238"]
[BlackElo "2228"]
[TimeControl "180+2"]
[EndTime "11:43:40 PST"]
[Termination "GedoGluperd won by resignation"]

1. Nf3 d5 2. g3 Nc6 3. Bg2 e5 4.
d3 Bd6 5. O-O Nge7 6. c4 d4 7.
Na3 O-O 8. Nc2 a5 9. b3 h6 10. Rb1 f5 11. Nd2 Ng6 12. a3 e4 13.
dxe4 f4 14. Nf3 fxg3 15. hxg3 Be5 16. b4 Bg4 17. b5 Bxf3 18. exf3 d3 19. bxc6 dxc2 20.
Qxc2 bxc6 21. f4 Bd4 22. e5 Ne7 23. c5 Nf5 24. Bb2 Nxg3 25. Qb3+ 1-0

[Event "*** Titled Tuesday 3|2 Blitz"]
[Site "Chess.com"]
[Date "2015.02.24"]
[Round "4"]
[White "FrankieJay"]
[Black "AlexanderL"]
[Result "0-1"]
[WhiteElo "2210"]
[BlackElo "2507"]
[TimeControl "180+2"]
[EndTime "11:44:07 PST"]
[Termination "AlexanderL won by resignation"]

1. e4 e6 2. d4 d5 3. Nc3 Bb4 4. e5 b6 5. a3 Bxc3+ 6. bxc3 Qd7 7. a4 Ba6 8. Bxa6 Nxa6 9. Qd3 Nb8 10. a5 Nc6 11. axb6 cxb6 12. Nf3 Nge7 13. O-O h6 14. Ba3 O-O 15. Nd2 Rfc8 16. f4 Na5 17. Bb4 Nc4 18.
Nxc4 Rxc4 19. Bxe7 Qxe7 20. f5 exf5 21. Rxf5 Rac8 22.
Qf3 Rxc3 23. Qxd5 Rxc2 24. Raf1 Qe6 25. Qf3 Qc4 26. d5 Rc1 27. Rxf7 Qd4+ 28. Kh1 Rxf1+ 29. Qxf1 Qe3 30. d6 Rc1 31. d7 Rxf1+ 32. Rxf1 Qd3 0-1

[Event "*** Titled Tuesday 3|2 Blitz"]
[Site "Chess.com"]
[Date "2015.02.24"]
[Round "4"]
[White "HansCoolNiemann"]
[Black "destroyer305"]
[Result "0-1"]
[WhiteElo "1841"]
[BlackElo "2133"]
[TimeControl "180+2"]
[EndTime "11:44:10 PST"]
[Termination "destroyer305 won by resignation"]

1. d4 Nf6 2. c4 g6 3. Nc3 Bg7 4. e4 d6 5. Nf3 O-O 6. Be2 c5 7.
dxc5 dxc5 8. Qxd8 Rxd8 9. Be3 b6 10. e5 Ng4 11. Bf4 Bb7 12. h3 Nh6 13. O-O e6 14. Rfd1 Nc6 15. Nb5 Nf5 16. Bg5 Rxd1+ 17. Rxd1 Nxe5 18.
Nc7 Rc8 19. Nb5 Nxf3+ 20. gxf3 Nd4 21. Nxd4 Bxd4 22. Be3 e5 23. f4 f6 24. Bg4 Rd8 25. Be6+ Kf8 26. f5 Ke7 27. Kf1 Bf3 28. Rd2 Be4 29. b3 gxf5 30. Bxd4 cxd4 31. Bd5 Bxd5 32. cxd5 Rxd5 33. Rc2 Rc5 34. Rxc5 bxc5 35. Ke2 e4 36. f3 Kd6 37. fxe4 fxe4 38. Kf2 f5 39. Kg3 d3 40.
Kf2 f4 41. Ke1 e3 42. Kd1 f3 43. Ke1 f2+ 44. Kf1 d2 45. Ke2 f1=Q+ 46. Kxf1 d1=Q+ 47. Kg2 e2 48. Kg3 e1=Q+ 49. Kf4 Qd4+ 0-1

[Event "*** Titled Tuesday 3|2 Blitz"]
[Site "Chess.com"]
[Date "2015.02.24"]
[Round "4"]
[White "SuPeR_Fm"]
[Black "Imre91"]
[Result "0-1"]
[WhiteElo "2326"]
[BlackElo "2564"]
[TimeControl "180+2"]
[EndTime "11:44:43 PST"]
[Termination "Imre91 won by resignation"]

1. d4 d5 2. c4 c6 3. Nc3 Nf6 4. Nf3 g6 5. e3 Bg7 6. Bd3 O-O 7. O-O a6 8. a4 dxc4 9. Bxc4 Nbd7 10. Qe2 Nb6 11. Bb3 Bg4 12. Rd1 Nbd5 13. e4 Nb4 14. a5 Qc7 15. Be3 Rfd8 16. h3 Bxf3 17. Qxf3 c5 18. e5 cxd4 19. exf6 Bxf6 20. Bxd4 Bxd4 21. Qxf7+ Kh8 22. Qe6 Bf6 23. Nd5 Nxd5 24. Bxd5 Rd6 25. Qe2 Rad8 26. Bf3 Rxd1+ 27. Rxd1 Rxd1+ 28.
Qxd1 Bxb2 29. Qb1 Bf6 30. Qxb7 Qxa5 31. Qa8+ Kg7 32. Bd5 Qe1+ 33. Kh2 Be5+ 34. g3 Qxf2+ 0-1

[Event "*** Titled Tuesday 3|2 Blitz"]
[Site "Chess.com"]
[Date "2015.02.24"]
[Round "4"]
[White "Konavets"]
[Black "exoticprincess"]
[Result "0-1"]
[WhiteElo "2379"]
[BlackElo "2787"]
[TimeControl "180+2"]
[EndTime "11:44:57 PST"]
[Termination "exoticprincess won by resignation"]

1. e4 c6 2. d4 d5 3. Nc3 dxe4 4.
Nxe4 Bf5 5. Ng3 Bg6 6. h4 h6 7.
Nf3 Nd7 8. h5 Bh7 9. Bd3 Bxd3 10.
Qxd3 e6 11. Bd2 Ngf6 12. O-O-O Be7 13. Kb1 Qb6 14. c4 Rd8 15. Qc2 O-O 16. Bf4 Rfe8 17. Nf1 c5 18. d5 exd5 19. cxd5 Bd6 20. Bxd6 Qxd6 21. Ne3 Ne4 22. Rhe1 Qf4 23. Nc4 Nxf2 24.
Qxf2 Qxc4 25. d6 Rxe1 26. Qxe1 Nf6 27. d7 Rxd7 28. Rxd7 Nxd7 29. Qe8+ Nf8 30. a3 Qd5 31. Ne5 Qe6 32. Qb8 Qf5+ 33. Ka1 Qxh5 34. g4 Qh1+ 35. Ka2 Qd5+ 36. Ka1 b6 37. Qe8 Qe6 38. Qb8 g5 39. Qc7 Kg7 40. Nc6 Qxg4 41. Qe5+ Kh7 42. Qe7 Qd1+ 43.
Ka2 Qd5+ 44. Ka1 Ng6 45. Qf6 g4 46. Nd8 g3 47. Nxf7 g2 0-1

[Event "*** Titled Tuesday 3|2 Blitz"]
[Site "Chess.com"]
[Date "2015.02.24"]
[Round "4"]
[White "CraiggoryC"]
[Black "GasconJR"]
[Result "0-1"]
[WhiteElo "1978"]
[BlackElo "2262"]
[TimeControl "180+2"]
[EndTime "11:45:12 PST"]
[Termination "GasconJR won by resignation"]

1. e4 c5 2. Nf3 d6 3. d4 cxd4 4.
Nxd4 Nf6 5. Nc3 a6 6. Be2 e5 7. Nb3 Be7 8. Be3 Be6 9. f4 exf4 10. Bxf4 O-O 11. g4 Ne8 12. Qd2 Bh4+ 13. Bg3 Bg5 14.
Bf4 Bxf4 15. Qxf4 Qh4+ 16. Qg3 Qxg3+ 17. hxg3 Nc6 18. O-O-O h6 19. Nd4 Nxd4 20. Rxd4 Rc8 21. Nd5 Bxd5 22. exd5 Nf6 23. Bd3 Rfe8 24. Kd2 Re5 25.
c4 Rce8 26. Rf4 Re3 27. Rh3 Nd7 28. b3 Nc5 29. Bf1 Re1 30. Rh2 Ra1 31. Kc3 a5 32. a3 Rxa3 33. Bd3 Rxb3+ 0-1

[Event "*** Titled Tuesday 3|2 Blitz"]
[Site "Chess.com"]
[Date "2015.02.24"]
[Round "4"]
[White "1random"]
[Black "pedromartinez91"]
[Result "0-1"]
[WhiteElo "2019"]
[BlackElo "2124"]
[TimeControl "180+2"]
[EndTime "11:45:13 PST"]
[Termination "pedromartinez91 won by checkmate"]

1. e4 e6 2. d4 d5 3. Nd2 Nf6 4. e5 Ne4 5. Bd3 Nxd2 6. Bxd2 c5 7.
c3 Qb6 8. Bc1 Nc6 9. Nf3 Bd7 10.
O-O cxd4 11. cxd4 Nxd4 12. Nxd4 Qxd4 13. Be3 Qa4 14. Bc2 Qa5 15. f4 Bc5 16. Qd3 Rc8 17. Rac1 Bxe3+ 18. Qxe3 Qc5 19. Qxc5 Rxc5 20. Bd3 b6 21. b4 Rxc1 22. Rxc1 Kd8 23. Kf2 f6 24. Ke3 f5 25. Kd4 Rg8 26. h4 g6 27. g3 h6 28. Rh1 g5 29. hxg5 hxg5 30. Rh5 gxf4 31. gxf4 Rg2 32. Bb1 Rd2+ 33. Kc3 Rf2 34. Rh4 Kc7 35.
a3 Rf3+ 36. Kb2 Ba4 37. Rh7+ Bd7 38. Rh4 d4 39. Kc2 Bc6 40. Kb2 Be4 41. Ba2 d3 42. Bxe6 Rf2+ 43. Kc1 d2+ 44. Kd1 Bf3+ 45. Kc2 d1=Q+ 46.
Kc3 Rc2+ 47. Kb3 Rc6+ 48. Kb2 Qd2+ 49. Kb3 Bd1# 0-1

[Event "*** Titled Tuesday 3|2 Blitz"]
[Site "Chess.com"]
[Date "2015.02.24"]
[Round "4"]
[White "ViennaRocket"]
[Black "Carolina-moon"]
[Result "1-0"]
[WhiteElo "2193"]
[BlackElo "1923"]
[TimeControl "180+2"]
[EndTime "11:45:18 PST"]
[Termination "ViennaRocket won on time"]

1. d4 f5 2. Qd3 d5 3. g4 fxg4 4.
h3 Nf6 5. hxg4 Bxg4 6. Bh3 Qd7 7.
f3 Bxh3 8. Nxh3 Nc6 9. Bf4 e6 10. Ng5 O-O-O 11. c3 h6 12. Bg3 Bd6 13. Bxd6 hxg5 14.
Rxh8 Rxh8 15. Bg3 Rh1+ 16. Kf2 Nh5 17. Qg6 Nxg3 18. Kxg3 Qd6+ 19. Kf2 Qh2+ 20. Ke3 Qf4+ 21. Kd3 Rd1+ 22. Kc2 Rc1+ 23. Kb3 Qd6 24. a3 Na5+ 25.
Ka2 Qc6 26. Nd2 Rc2 27. Qxc2 1-0

[Event "*** Titled Tuesday 3|2 Blitz"]
[Site "Chess.com"]
[Date "2015.02.24"]
[Round "4"]
[White "xtremeungar"]
[Black "ChessTrener"]
[Result "1-0"]
[WhiteElo "2268"]
[BlackElo "2472"]
[TimeControl "180+2"]
[EndTime "11:45:20 PST"]
[Termination "xtremeungar won by resignation"]

1. e4 c5 2. Nf3 Nc6 3. Bb5 g6 4.
O-O Bg7 5. Bxc6 dxc6 6. h3 Nf6 7. Nc3 Nd7 8. d3 e5 9. Be3 Qe7 10. Qd2 h6 11. Nh2 b6 12. f4 exf4 13. Bxf4 Nf8 14.
Nf3 Ne6 15. Be3 Nd4 16. Rab1 Be6 17. b3 O-O-O 18. Ne2 f5 19. exf5 Bxf5 20. Nexd4 cxd4 21. Bf4 Qc5 22. Rfe1 Qc3 23. Re7 Rd7 24. Qe2 g5 25. Bg3 Qc5 26. Re1 Rhd8 27. b4 Rxe7 28. Qxe7 Qxe7 29. Rxe7 Rd7 30. Re8+ Rd8 31. Re7 Rd7 32.
Re8+ Kb7 33. a4 Ka6 34. Be5 Bxe5 35. Nxe5 Rc7 36. Nxc6 b5 37. Rb8 1-0

[Event "*** Titled Tuesday 3|2 Blitz"]
[Site "Chess.com"]
[Date "2015.02.24"]
[Round "4"]
[White "raskolnnikov"]
[Black "mokerslag"]
[Result "1-0"]
[WhiteElo "2285"]
[BlackElo "2358"]
[TimeControl "180+2"]
[EndTime "11:45:28 PST"]
[Termination "raskolnnikov won by resignation"]

1. d4 Nf6 2. c4 e5 3. dxe5 Ng4 4.
Bf4 g5 5. Bg3 Nc6 6. Nf3 Bg7 7.
h4 Ngxe5 8. Nxe5 Nxe5 9. Qc2 g4 10. e3 h5 11. Nc3 d6 12. Rd1 Bd7 13. c5 dxc5 14. Qe4 Qe7 15. Nd5 Qd6 16. Nc3 Qe7 17.
Nd5 Qd6 18. Nc3 Qe7 19. Rd5 f6 20. Bxe5 fxe5 21. Qg6+ Kd8 22. Bc4 Kc8 23. O-O Be6 24. Rxc5 Qxc5 25. Bxe6+ Kb8 26. Qxg7 Rd8 27. Ne4 Qb6 28.
Qe7 Rh8 29. Nf6 Qd6 30. Nd7+ Kc8 31. Nf8+ Kb8 32. Qe8+ 1-0

[Event "*** Titled Tuesday 3|2 Blitz"]
[Site "Chess.com"]
[Date "2015.02.24"]
[Round "4"]
[White "oggy1984"]
[Black "wonderfultime"]
[Result "0-1"]
[WhiteElo "2203"]
[BlackElo "2552"]
[TimeControl "180+2"]
[EndTime "11:45:30 PST"]
[Termination "wonderfultime won by resignation"]

1. e4 c5 2. Nf3 Nc6 3. d4 cxd4 4.
Nxd4 e5 5. Nb5 d6 6. c4 a6 7.
N5a3 g6 8. Nc3 Bg7 9. Be2 Be6 10.
Nc2 Nge7 11. O-O O-O 12. b3 Rc8 13. Ba3 Qa5 14. b4 Qd8 15. Rc1 f5 16. b5 Nd4 17.
Nd5 fxe4 18. Nxe7+ Qxe7 19. Ne3 axb5 20. cxb5 Rxc1 21.
Bxc1 Bxa2 22. Bg4 Qf7 23. Ba3 Rd8 24. Qa4 Bb3 25. Qa5 Bf6 26. Rb1 Bh4 27. g3 Bf6 28.
h4 Be6 29. Kg2 Be7 30. Bxe6 Qxe6 31. Rc1 Rf8 32. Rc7 Bd8 33. b6 Bxc7 34. bxc7 Qf7 35.
Ng4 Qf3+ 36. Kh2 Qxg4 37. Bxd6 Rxf2+ 38. Kh1 Qf3+ 0-1

[Event "*** Titled Tuesday 3|2 Blitz"]
[Site "Chess.com"]
[Date "2015.02.24"]
[Round "4"]
[White "Chesseducation4u"]
[Black "9ShMat2"]
[Result "0-1"]
[WhiteElo "2228"]
[BlackElo "2444"]
[TimeControl "180+2"]
[EndTime "11:45:36 PST"]
[Termination "9ShMat2 won by resignation"]

1. Nf3 Nf6 2. g3 g6 3. b3 Bg7 4. Bb2 O-O 5. Bg2 d5 6. O-O c6 7. c4 Bf5 8. d3 Nbd7 9. Nbd2 h6 10. Qc2 Bg4 11. Rfe1 Bxf3 12. Nxf3 Re8 13. Ne5 Nxe5 14. Bxe5 Ng4 15. Bxg7 Kxg7 16. cxd5 cxd5 17. Qc5 Nf6 18. Rec1 b6 19. Qc7 e6 20. Qe5 Rc8 21. h4 Qe7 22.
Bf3 h5 23. Kg2 Red8 24. d4 Qa3 25. Rxc8 Rxc8 26. Bxh5 Qb2 27. Re1 Qd2 28. Bf3 Qxe1 29. g4 Rc1 30. Kg3 Qg1+ 31. Bg2 Rc3+ 32. f3 Qe1+ 33. Kh3 Rc2 34. g5 Qxe2 35. gxf6+ Kh7 36. Qg3 Rxa2 0-1

[Event "*** Titled Tuesday 3|2 Blitz"]
[Site "Chess.com"]
[Date "2015.02.24"]
[Round "4"]
[White "gumersindo"]
[Black "monika84"]
[Result "1-0"]
[WhiteElo "2113"]
[BlackElo "2043"]
[TimeControl "180+2"]
[EndTime "11:45:48 PST"]
[Termination "gumersindo won by resignation"]

1. d4 Nf6 2. c4 g6 3. Nc3 Bg7 4.
g3 d6 5. Bg2 O-O 6. Nf3 Nbd7 7.
h3 Re8 8. O-O e5 9. e4 c6 10.
Re1 a6 11. Be3 Rb8 12. d5 c5 13. a4 Nh5 14. Rb1 f5 15. Ng5 Nhf6 16. exf5 gxf5 17.
Ne6 Qe7 18. f4 e4 19. g4 fxg4 20. hxg4 Nf8 21. f5 h6 22. Bf4 N6h7 23. Nxe4 Bxe6 24. dxe6 Bd4+ 25. Be3 Be5 26. Bf2 Ng5 27. Qd5 Kh7 28. Bh4 Nf3+ 29. Bxf3 Qxh4 30. Qd2 b5 31. axb5 axb5 32.
Kg2 bxc4 33. Rh1 1-0

[Event "*** Titled Tuesday 3|2 Blitz"]
[Site "Chess.com"]
[Date "2015.02.24"]
[Round "4"]
[White "Colombiano07"]
[Black "Tomsel"]
[Result "0-1"]
[WhiteElo "2012"]
[BlackElo "2282"]
[TimeControl "180+2"]
[EndTime "11:45:55 PST"]
[Termination "Tomsel won by resignation"]

1. Nf3 Nf6 2. c4 e6 3. b3 b6 4. Bb2 Bb7 5. e3 c5 6. Be2 Be7 7. O-O h6 8. d4 cxd4 9. exd4 d5 10. Nbd2 O-O 11. Ne5 Nc6 12. Ndf3 Ne4 13. Re1 Bf6 14. Rc1 Nxe5 15. dxe5 Be7 16. cxd5 Bxd5 17. Bc4 Bb7 18. Qe2 Bc5 19. Rf1 Qe7 20. Ba6 Bd5 21. Bd3 Ng5 22.
Nxg5 Qxg5 23. Be4 Rad8 24. Bxd5 Rxd5 25. Rc4 Rd2 26. Bc1 Rxe2 27. Bxg5 hxg5 28. b4 Be7 29. a3 Rxe5 30. Rc7 Bf6 31. Rxa7 Rc8 32. Rb7 b5 33. g3 Rc3 34. Ra7 Re2 35. a4 bxa4 36. Rxa4 Rcc2 37. b5 Rb2 38. Kg2 Rxb5 39. Kf3 Reb2 40. h3 Kh7 41.
Rc4 Kg6 42. Ra4 R5b4 43. Ra7 Rb7 44. Ra4 R7b4 45. Ra7 Bd4 46. Ra6 Rd2 47. Rd6 Rbb2 48. g4 Rxf2+ 49. Rxf2 Rxf2+ 50. Kg3 Be5+ 51. Kxf2 Bxd6 0-1

[Event "*** Titled Tuesday 3|2 Blitz"]
[Site "Chess.com"]
[Date "2015.02.24"]
[Round "4"]
[White "jup1978"]
[Black "rhungaski"]
[Result "0-1"]
[WhiteElo "2150"]
[BlackElo "2434"]
[TimeControl "180+2"]
[EndTime "11:46:07 PST"]
[Termination "rhungaski won by resignation"]

1. e4 d6 2. d4 Nf6 3. Nc3 e5 4. Nf3 Nbd7 5. Bc4 Be7 6. O-O O-O 7. a4 a5 8. Re1 c6 9. h3 exd4 10. Qxd4 Nc5 11. Bf4 Be6 12. Bxe6 fxe6 13. e5 Nd5 14.
Bg3 Nxc3 15. exd6 Nd5 16. dxe7 Qxe7 17. Bh4 Qd6 18. Bg3 Qe7 19. Bh4 Nf6 20. Rad1 Rad8 21. Bxf6 gxf6 22. Qg4+ Qg7 23. Rxd8 Rxd8 24. Qc4 Rd5 25.
c3 e5 26. b4 axb4 27. cxb4 Nxa4 28. Ra1 Nb6 29. Qb3 Qd7 30. b5 cxb5 31. Nh4 Kh8 32. Kh2 e4 33. g3 Rd2 34. Qe3 Qd4 35. Qh6 Qxf2+ 0-1

[Event "*** Titled Tuesday 3|2 Blitz"]
[Site "Chess.com"]
[Date "2015.02.24"]
[Round "4"]
[White "AUSSIE_PINOY"]
[Black "DanielNaroditsky"]
[Result "0-1"]
[WhiteElo "2363"]
[BlackElo "2593"]
[TimeControl "180+2"]
[EndTime "11:46:13 PST"]
[Termination "DanielNaroditsky won by checkmate"]

1. d4 Nf6 2. Nf3 g6 3. c4 Bg7 4. Nc3 O-O 5. Bg5 c5 6. d5 b5 7. cxb5 a6 8. e4 axb5 9. e5 b4 10. exf6 exf6 11. Bd2 bxc3 12. Bxc3 Re8+ 13. Be2 Ba6 14. Ng1 d6 15. Qd2 Nd7 16. f3 Nb6 17. b3 Bb7 18. Ba5 f5 19. Rd1 Bd4 20. Kf1 Bxd5 21.
Bb5 Re3 22. Ne2 Rxe2 23. Bxe2 Qh4 24. g3 Qh3+ 25. Ke1 Re8 26. Rf1 Qxh2 27. Rb1 Nd7 28. Kd1 Qxg3 29. Bb5 Bxf3+ 30. Rxf3 Qxf3+ 31. Kc1 Be3 32. Bxd7 Bxd2+ 33. Bxd2 Re2 34. Rb2 Rh2 35. Bb5 Qe4 36.
Rc2 f4 37. a4 f3 38. a5 f2 39. Bc3 f1=Q+ 40. Bxf1 Qxc2# 0-1

[Event "*** Titled Tuesday 3|2 Blitz"]
[Site "Chess.com"]
[Date "2015.02.24"]
[Round "4"]
[White "gmjlh"]
[Black "LyonBeast"]
[Result "0-1"]
[WhiteElo "2493"]
[BlackElo "2766"]
[TimeControl "180+2"]
[EndTime "11:46:31 PST"]
[Termination "LyonBeast won by resignation"]

1. e4 c5 2. Nf3 d6 3. Bb5+ Nd7 4.
d4 cxd4 5. Qxd4 a6 6. Bxd7+ Bxd7 7. c4 e6 8. Nc3 Nf6 9. O-O Be7 10.
Bg5 Bc6 11. b4 O-O 12. a4 h6 13. Be3 Ng4 14. Bd2 f5 15. Rae1 Bf6 16. Qd3 f4 17. b5 Be8 18. Ne2 Ne5 19. Nxe5 Bxe5 20. Bc3 f3 21.
gxf3 Qg5+ 22. Kh1 Bh5 23. Ng1 Bf4 24. Qd4 axb5 25. cxb5 Rac8 26. Ba1 e5 27. Qd5+ Kh8 28. Qd3 Qh4 29. h3 Rf6 0-1

[Event "*** Titled Tuesday 3|2 Blitz"]
[Site "Chess.com"]
[Date "2015.02.24"]
[Round "4"]
[White "GulamaliRises"]
[Black "Tilicheev_Viacheslav"]
[Result "0-1"]
[WhiteElo "2320"]
[BlackElo "2544"]
[TimeControl "180+2"]
[EndTime "11:46:42 PST"]
[Termination "Tilicheev_Viacheslav won by checkmate"]

1. e4 c5 2. Nf3 d6 3. d4 cxd4 4.
Nxd4 Nf6 5. Nc3 Nc6 6. Bc4 e6 7. Bb3 a6 8. Be3 Be7 9. Qe2 O-O 10. O-O-O Qe8 11. f4 Bd7 12. Nf3 Na5 13. e5 Nxb3+ 14. axb3 Nd5 15. Nxd5 exd5 16. Bd4 Bf5 17. Bc3 Qb5 18.
Qf2 dxe5 19. fxe5 Be4 20. Nd4 Qb6 21. Rhe1 a5 22. Qg3 Qg6 23. Qxg6 hxg6 24. g3 a4 25. bxa4 Rxa4 26. Kd2 Rc8 27. Ke2 g5 28. Ra1 Rxd4 29.
Bxd4 Rxc2+ 30. Ke3 g4 31. Bc3 Bc5+ 32. Kf4 Rf2+ 33.
Kxg4 Bf5+ 34. Kh5 g6+ 35. Kh6 Bf8+ 36. Kg5 Be7+ 37. Kh6 Rxh2# 0-1